 Dungeon Crawl Stone Soup version 0.20-a0-960-ge493e74 (webtiles) character file.

80 Rrauwl the Vexing (level 4, 0/33 HPs)
             Began as a Barachi Arcane Marksman on Apr 7, 2017.
             Succumbed to an adder's poison
             ... on level 3 of the Dungeon.
             The game lasted 00:04:38 (1424 turns).

Rrauwl the Vexing (Barachi Arcane Marksman)         Turns: 1424, Time: 00:04:39

Health: 0/33       AC:  2    Str: 11 (12) XL:     4   Next: 39%
Magic:  6/6        EV: 12    Int: 13      God:
Gold:   156        SH:  0    Dex: 10 (13) Spells: 5/6 levels left

rFire    . . .     SeeInvis .   a - +0 hand crossbow
rCold    . . .     Gourm    .   (no shield)
rNeg     . . .     Faith    .   e - +0 robe
rPois    .         Spirit   .   (no helmet)
rElec    .         Reflect  .   (no cloak)
rCorr    .         Harm     .   (no gloves)
MR       .....                  (no boots)
Stlth    +.........             (no amulet)
Regen    0.2/turn               (no ring)
MPRegen  0.1/turn               (no ring)

@: lethally poisoned (0 -> -7), slow
A: +LOS, swims, slowness 1, strong legs 1
a: Hop


You were on level 3 of the Dungeon.
You were not hungry.

You visited 1 branch of the dungeon, and saw 3 of its levels.

You collected 156 gold pieces.

Inventory:

Hand Weapons
 a - a +0 hand crossbow (weapon)
Armour
 e - a +0 robe (worn)
Scrolls
 h - 7 scrolls of identify
Potions
 g - a potion of berserk rage
Books
 c - a book of Debilitation

   Spells                             Type                      Level
   a - Corona                         Hexes                        1
   b - Slow                           Hexes                        2
   c - Inner Flame                    Hexes/Fire                   3
   d - Portal Projectile              Hexes/Translocation          3
   e - Cause Fear                     Hexes                        4
   f - Leda's Liquefaction            Hexes/Earth                  4
Comestibles
 b - 2 chunks of flesh
 f - a bread ration
 i - 3 meat rations


   Skills:
 + Level 2.3 Fighting
 + Level 2.4 Crossbows
 + Level 1.4 Armour
 + Level 2.9 Dodging
 + Level 1.8 Spellcasting
 + Level 3.7 Hexes


You had 5 spell levels left.
You knew the following spells:

 Your Spells              Type           Power        Failure   Level  Hunger
a - Corona                Hex            ##.....      8%          1    ##.....


Dungeon Overview and Level Annotations

Branches:
Dungeon (3/15)

Altars:
Ashenzari


Innate Abilities, Weirdness & Mutations

Shadows flee at your approach. (+LOS)
You can swim through water.
You cover ground slowly.
You can hop short distances.


Message History

You feel sick. The adder bites you. The adder bites you but does no damage.
You miss the adder.
The adder is heavily wounded.
You feel sick. The adder closely misses you. The adder bites you.
* * * LOW HITPOINT WARNING * * *
You are lethally poisoned!
The adder poisons you!
You closely miss the adder.
The adder is heavily wounded.
* * * LOW HITPOINT WARNING * * *
You feel sick. The adder closely misses you. The adder misses you.
You closely miss the adder.
The adder is heavily wounded.
* * * LOW HITPOINT WARNING * * *
You feel sick. The adder bites you.
* * * LOW HITPOINT WARNING * * *
The adder barely misses you.
You clumsily bash the adder but do no damage.
The adder is heavily wounded.
You die...

#.#....# .## #.#....# ...
#......# ..###
#####.######## ###....
....(......... ..#..#####
#####.##########.......(.
.........................
#####.####.............(.
#.# #######@#...... #.#
#S# #### #.# ... #.#
..(.. #.. ..(##.. ###
.... ... ...#. ..##
#...#. .. #...#. ..#


You could see an adder.

Vanquished Creatures
  An adder (D:3)
  2 worms
  A dart slug (D:1)
  3 leopard geckos (D:1)
  An orc (D:3)
  7 bats
  3 giant cockroaches
  5 goblins
  6 hobgoblins
  5 kobolds
  A quokka (D:2)
  A ball python (D:2)
  A frilled lizard (D:2)
  21 rats
58 creatures vanquished.

Notes
Turn   | Place    | Note
-------+----------+-------------------------------------------
     0 | D:1      | Rrauwl the Barachi Arcane Marksman began the quest for the Orb.
     0 | D:1      | Reached XP level 1. HP: 15/15 MP: 2/2
    23 | D:1      | Reached XP level 2. HP: 17/21 MP: 3/3
   329 | D:1      | Reached XP level 3. HP: 26/26 MP: 5/5
   395 | D:1      | Found a shattered altar of Ashenzari.
   658 | D:2      | Reached skill level 1 in Armour
  1033 | D:2      | Reached XP level 4. HP: 28/33 MP: 6/6
  1423 | D:3      | HP: 1/33 [adder (4)]
  1424 | D:3      | Succumbed to an adder's poison

Vault maps used:
D:1:      erik_arrival_orb_chamber, evilmike_ruin_ashenzari
D:3:      first_bread

Skill      XL: |  1  2  3 |
---------------+----------+-----
Armour         | 1 |  1.4
Fighting       | 2 |  2.3
Crossbows      | |  2.4
Dodging        | |  2.9
Spellcasting   | |  1.8
Hexes          | |  3.7

Action                   |  1- 3 |  4- 6 || total
-------------------------+-------+-------++-------
Melee: Hand crossbow     |       |    19 ||    19
 Fire: Hand crossbow     |    95 |    31 ||   126
  Use: Potion            |     5 |       ||     5
       Scroll            |     2 |       ||     2
  Eat: Chunk             |     1 |     1 ||     2
Armor: Robe              |     3 |     9 ||    12
Dodge: Dodged            |    14 |    40 ||    54
